 Dungeon Crawl Stone Soup version 0.20.0-10-g0535bb4 (webtiles) character file.

42 Gorglomux the Cutter (level 3, -4/23 HPs)
             Began as a Kobold Warper on June 7, 2017.
             Was an Initiate of Gozag.
             Slain by a gnoll
             ... wielding a +3 whip of venom
              (5 damage)
             ... on level 2 of the Dungeon.
             The game lasted 00:02:46 (1909 turns).

Gorglomux the Cutter (Kobold Warper)                Turns: 1909, Time: 00:02:48

Health: -4/23      AC:  5    Str:  8    XL:     3   Next: 77%
Magic:  6/6        EV: 14    Int: 14    God:    Gozag
Gold:   73         SH:  0    Dex: 15    Spells: 4/6 levels left

rFire    . . .     SeeInvis .   a - +0 short sword
rCold    . . .     Gourm    .   (shield restricted)
rNeg     . . .     Faith    .   b - +0 leather armour
rPois    .         Spirit   .   C - +0 helmet
rElec    .         Reflect  .   (no cloak)
rCorr    .         Harm     .   (no gloves)
MR       .....                  E - +0 pair of boots
Stlth    +.........             (no amulet)
Regen    0.1/turn               (no ring)
MPRegen  0.1/turn               (no ring)

@: lethally poisoned (-4 -> -32), hasted, very quick
A: carnivore 3
a: Potion Petition, Call Merchant, Bribe Branch, Renounce Religion


You were on level 2 of the Dungeon.
You worshipped Gozag.
Gozag was noncommittal.
You were very full.

You visited 1 branch of the dungeon, and saw 2 of its levels.

You collected 99 gold pieces.
You paid 26 gold pieces to Gozag.

Inventory:

Hand Weapons
 a - a +0 short sword (weapon)
Missiles
 e - 5 tomahawks of dispersal (quivered)
 K - 54 bolts
Armour
 b - a +0 leather armour (worn)
 C - a +0 helmet (worn)
 E - a +0 pair of boots (worn)
Scrolls
 B - a scroll of blinking
 F - 2 scrolls of identify {unknown}
 G - a scroll of random uselessness {unknown}
 H - 2 scrolls of recharging {unknown}
 I - 2 scrolls of immolation {unknown}
 L - a scroll of enchant armour {unknown}
Potions
 N - a potion of resistance {unknown}
Books
 c - a book of Spatial Translocations

   Spells                             Type                      Level
   a - Blink                          Translocation                2
   b - Shroud of Golubria             Charms/Translocation         2
   c - Lesser Beckoning               Translocation                3
   d - Gell's Gravitas                Translocation                3
   e - Teleport Other                 Translocation                3
   f - Passage of Golubria            Translocation                4
Comestibles
 z - 2 meat rations


   Skills:
 + Level 3.2 Fighting
 + Level 4.0 Short Blades
 - Level 1.1 Throwing
 - Level 0.7 Armour
 - Level 2.4 Dodging
 + Level 0.0 Stealth
 - Level 2.1 Spellcasting
 - Level 3.0 Translocations


You had 4 spell levels left.
You knew the following spells:

 Your Spells              Type           Power        Failure   Level  Hunger
d - Blink                 Tloc           N/A          14%         2    ###....


Dungeon Overview and Level Annotations

Branches:
Dungeon (2/15)

Altars:
Gozag


Innate Abilities, Weirdness & Mutations

You are small and have problems with some larger weapons.
You are carnivorous and can eat meat at any time.


Message History

You feel sick.
The gnoll hits you with a whip of venom.
You are more poisoned.
You closely miss the gnoll.
The gnoll is heavily wounded.
You feel sick.
The gnoll hits you with a whip of venom.
You are more poisoned.
Unknown command.
You feel sick.
It was a potion of haste.
You feel yourself speed up.
You feel sick.
The gnoll hits you with a whip of venom!
* * * LOW HITPOINT WARNING * * *
You are more poisoned.
It was a potion of magic.
Magic courses through your body.
* * * LOW HITPOINT WARNING * * *
You feel sick.
The gnoll hits you with a whip of venom.
You die...
Your body crumbles into a pile of gold.

...#.#..# #.#.#
...#.#..# #.#.#
.....#..# #.#.#
######..######.#.#
..># #......##.#.#
##.###......##.#.#
.............#.#g#
.#.###.#####.#.#g#
...#.......#.#.#@#
...#.#####.#.#.#.#
#..#.#...#.#.#.#.#
##.#.#.#.#.#...#.#
##.#.#.#.#.#####.#
##...#.#.#.# #.#
##...#.#.#.# #.#
##...#.#.#.# #.#
#...#.#.#.# #.#


You could see 2 gnolls.

Vanquished Creatures
  An adder (D:1)
  A worm (D:2)
  A dart slug (D:2)
  3 leopard geckos
  2 giant cockroaches (D:2)
  6 goblins
  2 hobgoblins (D:1)
  A jackal (D:1)
  2 kobolds
  2 bats (D:1)
  A frilled lizard (D:2)
  2 rats
24 creatures vanquished.

Notes
Turn   | Place    | Note
-------+----------+-------------------------------------------
     0 | D:1      | Gorglomux the Kobold Warper began the quest for the Orb.
     0 | D:1      | Reached XP level 1. HP: 12/12 MP: 3/3
    75 | D:1      | Reached skill level 3 in Short Blades
   434 | D:1      | Reached XP level 2. HP: 17/18 MP: 5/5
   693 | D:1      | Reached XP level 3. HP: 22/22 MP: 6/6
   716 | D:1      | Reached skill level 3 in Fighting
   731 | D:1      | Learned a level 2 spell: Blink
  1403 | D:2      | Reached skill level 4 in Short Blades
  1479 | D:2      | Found an opulent altar of Gozag.
  1623 | D:2      | Became a worshipper of Gozag Ym Sagoz the Greedy
  1909 | D:2      | HP: 1/23 [poisoned by a gnoll]
  1909 | D:2      | Slain by a gnoll

Skill      XL: |  1  2  3 |
---------------+----------+-----
Short Blades   | 3 4 |  4.0
Fighting       | 3 |  3.2
Throwing       | |  1.1
Armour         | |  0.7
Dodging        | |  2.4
Spellcasting   | |  2.1
Translocations | |  3.0

Action                   || total
-------------------------++-------
Melee: Short sword       ||   124
  Use: Potion            ||     2
 Stab: Sleeping          ||     2
  Eat: Chunk             ||    11
Armor: Leather armour    ||    26
Dodge: Dodged            ||    69
